 Dungeon Crawl Stone Soup version 0.29-a0-338-g1ff7896281 (webtiles) character file.

Game seed: 5910054730488588172

116139 spaghetti the Summoner (level 16, -1/116 HPs)
             Began as a Demonspawn Summoner on Apr 19, 2022.
             Was the Champion of Hepliaklqana.
             Slain by a naga warrior
             ... wielding a +0 flail
              (22 damage)
             ... on level 1 of the Snake Pit.
             The game lasted 01:56:59 (33300 turns).

spaghetti the Summoner (Demonspawn Summoner)       Turns: 33300, Time: 01:56:59

Health: -1/116     AC: 24    Str: 11    XL:     16   Next: 20%
Magic:  5/34       EV: 16    Int: 30    God:    Hepliaklqana [******]
Gold:   1664       SH:  0    Dex: 18    Spells: 3/31 levels left

rFire   . . .      SeeInvis +   Q - +6 Majin-Bo {vamp, MP+6 Int+6}
rCold   . . .      Faith    .   (shield currently unavailable)
rNeg    . . .      Spirit   .   k - +2 troll leather armour {Snorg}
rPois   .          Reflect  .   O - +2 helmet {SInv}
rElec   .          Harm     .   E - +0 cloak
rCorr   .          Rampage  .   (no gloves)
Will    +....      Archmagi +   G - +0 pair of boots
Stlth   +++++..... Clarity  +   y - amulet of magic regeneration {@e2}
HPRegen 1.09/turn               i - ring of the Mage {Wiz Archmagi}
MPRegen 0.64/turn               W - +4 ring of protection

@: mighty, lethally poisoned (-1 -> -2), sanguine armoured, constricted
A: reduced essence, hooves 2, powered by pain 1, sanguine armour 2, demonic
magic 3, agile 1, clarity, clever 1, strong 1, subdued magic 1
a: Renounce Religion, Recall Ancestor, Ancestor Identity, Transference, Idealise


You were on level 1 of the Snake Pit.
You worshipped Hepliaklqana.
Hepliaklqana was exalted by your worship.
You visited 6 branches of the dungeon, and saw 25 of its levels.
You also visited: Ice Cave.

You collected 2241 gold pieces.
You spent 577 gold pieces at shops.


Innate Abilities, Weirdness & Mutations

Your life essence is reduced to manifest your ancestor. (-10% HP)
You have hoof-like feet.
You sometimes gain a little power by taking damage.
When seriously injured, your blood forms thick armour. (AC +9)
Spells you cast and wands you use may paralyse nearby enemies.
You are agile. (Dex +2)
You possess an exceptional clarity of mind.
Your mind is acute. (Int +2)
Your muscles are strong. (Str +2)
Your spells are a little easier to cast, but a little less powerful.


   Skills:
 - Level 12.8 Fighting
 - Level 8.8 Short Blades
 - Level 12.6 Dodging
 - Level 12.3 Stealth
 - Level 8.1 Spellcasting
 - Level 2.5 Conjurations
 - Level 0.3 Hexes
 + Level 14.2 Summonings
 - Level 4.0 Air Magic
 - Level 5.2 Earth Magic


You had 3 spell levels left.
You knew the following spells:

 Your Spells              Type           Power      Damage    Failure   Level
a - Summon Small Mammal   Summ           100%       N/A       0%          1
b - Call Imp              Summ           85%        N/A       0%          2
c - Call Canine Familiar  Summ           85%        N/A       0%          3
d - Summon Lightning Spi  Summ/Air       67%        N/A       1%          4
e - Animate Armour        Summ/Erth      100%       N/A       1%          4
f - Summon Hydra          Summ           42%        N/A       4%          7
g - Spellforged Servitor  Conj/Summ      32%        N/A       45%         7

Your spell library contained the following spells:

 Spells                   Type           Power      Damage    Failure   Level
 Slow                     Hex            64%        N/A       1%          1
 Corpse Rot               Necr/Air       54%        N/A       1%          2
 Poisonous Vapours        Pois/Air       54%        N/A       1%          2
 Stone Arrow              Conj/Erth      82%        3d12      1%          3
 Summon Guardian Golem    Hex/Summ       59%        N/A       1%          3
 Confusing Touch          Hex            16%        N/A       4%          3
 Gell's Gravitas          Tloc           14%        N/A       6%          3
 Lesser Beckoning         Tloc           14%        N/A       6%          3
 Spider Form              Tmut/Pois      14%        N/A       6%          3
 Teleport Other           Tloc           14%        N/A       6%          3
 Vampiric Draining        Necr           14%        2d7       6%          3
 Lee's Rapid Deconstruct  Erth           25%        3d15*     6%          5
 Fulminant Prism          Conj/Hex       12%        3d9       11%         4
 Iskenderun's Mystic Bla  Conj/Tloc      22%        2d6       12%         4
 Sticky Flame             Conj/Fire      22%        2d4       12%         4
 Yara's Violent Unravell  Hex/Tmut       7%         3d5       45%         5
 Enfeeble                 Hex            8%         N/A       100%        7
 Lehudib's Crystal Spear  Conj/Erth      20%        10d6      100%        8

Inventory:

Hand Weapons
 J - a +2 dagger of venom {short}
   (You found it on level 8 of the Dungeon)
 Q - the +6 Majin-Bo (weapon) {vamp, MP+6 Int+6}
   (You found it on level 6 of the Lair of Beasts)

   It heals its wielder for a portion of the damage dealt when they wound a
   living foe with it or with a spell.
   Its wielder's spells cost health as well as magical power.
   Int:       It affects your intelligence (+6).
   MP:        It affects your magic capacity (+6).
Missiles
 f - 3 silver javelins {throwing}
 h - 663 stones {throwing}
 n - 5 atropa-tipped darts {throwing}
 t - 25 poisoned darts {throwing}
 I - 23 boomerangs {throwing}
 N - 2 curare-tipped darts {=fthrowing}
 U - a throwing net {=f!fthrowing}
Armour
 k - a +2 troll leather armour (worn) {Snorg}
   (You found it on level 3 of the Lair of Beasts)
 E - a +0 cloak (worn)
   (You took it off Crazy Yiuf on level 5 of the Dungeon)
 G - a +0 pair of boots (worn)
   (You found it on level 7 of the Dungeon)
 L - a +0 buckler
   (You found it on level 8 of the Dungeon)
 O - a +2 helmet of see invisible (worn)
   (You found it on level 6 of the Lair of Beasts)
Magical Staves
 S - a staff of earth {!astaff}
   (You found it on level 9 of the Dungeon)
Jewellery
 a - a +4 ring of slaying
   (You found it on level 1 of the Swamp)
 i - the ring of the Mage (left hand) {Wiz Archmagi}
   (You found it on level 6 of the Lair of Beasts)

   [ring of wizardry]

   It improves your spell success rate.
   Archmagi:  It increases the power of your magical spells.
 p - a ring of flight
   (You found it on level 2 of the Dungeon)
 x - an amulet of reflection
   (You found it on level 3 of the Swamp)
 y - an amulet of magic regeneration (around neck) {@e2}
   (You bought it in a shop on level 1 of the Dungeon)
 K - a +6 ring of strength
   (You found it on level 3 of the Swamp)
 R - a ring of positive energy
   (You found it on level 2 of the Lair of Beasts)
 W - a +4 ring of protection (right hand)
   (You found it on level 10 of the Dungeon)
 Z - a ring of fire
   (You found it on level 10 of the Dungeon)
Wands
 c - a wand of acid (5)
   (You found it on level 1 of the Snake Pit)
Scrolls
 e - 14 scrolls of teleportation {@r4}
 m - a scroll of amnesia
 q - 2 scrolls of fog
 u - 7 scrolls of immolation {!r!r}
 v - 5 scrolls of torment {unknown}
 w - 9 scrolls of magic mapping {!r}
 C - 4 scrolls of brand weapon {unknown}
 F - 2 scrolls of acquirement {unknown}
 H - a scroll of fear
 M - 2 scrolls of enchant armour {unknown}
 T - a scroll of holy word {unknown}
 X - 3 scrolls of enchant weapon {unknown}
 Y - 2 scrolls of vulnerability {!r!r}
Potions
 b - 3 potions of magic
 d - 3 potions of mutation {!q}
 g - 6 potions of might
 j - 2 potions of resistance {unknown}
 r - 7 potions of brilliance
 s - 6 potions of ambrosia
 z - 3 potions of cancellation
 A - a potion of berserk rage {!q}
 B - 3 potions of lignification {unknown}
 D - 4 potions of flight {unknown}
 P - 2 potions of attraction {unknown}
 V - 4 potions of curing {@q1}
Miscellaneous
 o - a condenser vane
   (You found it in an ice cave)

Dungeon Overview and Level Annotations

Branches:
Dungeon (11/15)            Temple (1/1) D:4            Lair (6/6) D:11
  Swamp (4/4) Lair:3        Snake (1/4) Lair:2        Slime (0/5) Lair:5
    Orc (2/2) D:9             Elf (0/3) Orc:2         IceCv (visited)

Altars:
Ashenzari
Cheibriados
Dithmenos
Elyvilon
Fedhas
Gozag
Hepliaklqana
Kikubaaqudgha
Makhleb
Nemelex Xobeh
Okawaru
Qazlal
Ru
Sif Muna
Trog
Uskayaw
Vehumet
Wu Jian
Xom
Yredelemnul
Zin
The Shining One

Shops:
D:1 =!*   D:9 =(=?!   Orc:2 =(**   Snake:1 =:=

Portals:
Pandemonium: Orc:2

Annotations:
D:2 exclusion: 2 gnolls
D:8 1 exclusion
Lair:3 exclusion: door
Swamp:1 1 runed translucent door, louisi3's ghost, adept MiMo

#### ...# . ...# ..
...# ..S ...## ##..
....## #S. .....##
###S#
......##########N§)#
.........).....N@h§#
.....#######.).R8N.#
...### ####..§[..#
..## #......D†.# ..#
#............# ..#
#............... ..#
#................
###
#.................
#................


You could see the friendly Quintus the hexer, a naga warrior (strong), an
anaconda, a guardian serpent, a naga mage (strong, ally target), a naga (strong,
catching breath, ally target), a friendly eight-headed hydra (summoned,
drained), a friendly animated troll leather armour (summoned, drained), a
friendly warg (summoned) and a friendly lightning spire (summoned, drained).


Message History

Your four-headed hydra bites the guardian serpent!
Your four-headed hydra barely misses the guardian serpent.
Your four-headed hydra bites the guardian serpent but does no damage. 😮 HP[-1]
You take 1 damage, and now have 71/116 hp.
Casting: Animate Armour (safe; 1% risk of failure)
Confirm with . or Enter, or press ? or * to list all spells.
You feel a surge of power!
A beastly little devil appears in a puff of frigid air.
Malevolent energies surge around you.
The guardian serpent suddenly stops moving!
You feel sick.
Your four-headed hydra disappears in a puff of smoke!
The black mamba bites your animated troll leather armour but does no damage.
A naga comes into view. It is wielding a +0 war axe.
The black mamba bites your animated troll leather armour but does no damage.
Your four-headed hydra bites the guardian serpent!
The guardian serpent dies!
Your lightning spire shoots out a bolt of lightning at the black mamba!
The bolt of electricity hits the black mamba!
Your animated troll leather armour misses the black mamba.
Your animated troll leather armour completely misses the black mamba. 😮 HP[-3] MP[-1]
You take 3 damage, and now have 68/116 hp.
You lost 1 mp, and now have 12/34 mp.
Unknown command.
Casting: Call Imp (safe; 0% risk of failure)
Confirm with . or Enter, or press ? or * to list all spells.
You feel a surge of power!
An eight-headed hydra appears.
Malevolent energies surge around you.
The black mamba suddenly stops moving!
You feel sick.
The guardian serpent casts a spell at you.
The naga blinks!
The naga warrior blinks into view!
Your lightning spire shoots out a bolt of lightning at the black mamba!
The bolt of electricity hits the black mamba!!
Your animated troll leather armour hits the black mamba!
Your animated troll leather armour hits the black mamba.
You hear a shout! 😮 HP[-7] MP[-6]
You take 7 damage, and now have 61/116 hp.
You lost 6 mp, and now have 6/34 mp.
Unknown command.
Unknown command.
Unknown command.
Okay, then.
Press: ? - help, v - describe, . - travel
Here: a black mamba (almost dead, paralysed, ally target)
The floor.
Select a target.
Press: ? - help, Dir - move target, f - white imp
Aim: a white imp (summoned, friendly)
The floor.
Your white imp swaps with Quintus!
Your eight-headed hydra is drained by nostalgia.
Your animated troll leather armour is drained by nostalgia.
Your lightning spire is drained by nostalgia.
You feel sick.
The naga mage hits you but does no damage.
The naga mage grabs you. The naga mage constricts you.
* * * LOW HITPOINT WARNING * * *
The naga warrior misses you.
Your warg bites the naga mage but does no damage.
The naga spits poison at you.
The splash of poison hits you but does no damage.
You are more poisoned.
Your lightning spire shoots out a bolt of lightning at the black mamba!
The bolt of electricity hits the black mamba!
The black mamba dies!
Your animated troll leather armour hits the naga mage!
Your animated troll leather armour hits the naga mage.
Your four-headed hydra barely misses the naga mage.
Your four-headed hydra bites the naga mage!
Your four-headed hydra closely misses the naga mage.
Your four-headed hydra bites the naga mage. 😨 HP[-3] MP[-2]
You take 3 damage, and now have 58/116 hp.
You lost 2 mp, and now have 4/34 mp.
You hit the naga mage.
You feel better.
You feel very sick.
Your four-headed hydra disappears in a puff of smoke!
The anaconda is no longer paralysed.
Your warg barely misses the naga mage.
The naga mage barely misses you. The naga mage constricts you.
* * * LOW HITPOINT WARNING * * *
The naga warrior hits you with a +0 flail!!
* * * LOW HITPOINT WARNING * * *
You focus on the pain.
You feel very mighty all of a sudden. The anaconda grabs your white imp.
The anaconda bites your white imp! The anaconda constricts your white imp.
The naga barely misses you.
The naga hits your white imp with a +0 war axe!
Your white imp dies!
Your white imp disappears in a puff of smoke!
The naga hits your warg with a +0 war axe!!
Your animated troll leather armour hits the naga mage but does no damage.
Your animated troll leather armour hits the naga mage!
The naga mage barely misses you. The naga mage constricts you.
Your warg barely misses the naga.
The naga warrior hits you with a +0 flail!!
You die...

Skill      XL: |  1  2  3  4  5  6  7  8  9 10 11 12 13 14 15 16 |
---------------+-------------------------------------------------+-----
Dodging        | 2 3 4 6 7 8 9 10 11 12 | 12.6
Fighting       | 1 2 3 4 6 7 8 10 11 12 | 12.8
Stealth        | 2 3 4 5 6 7 9 10 11 12 | 12.3
Short Blades   | 1 2 3 4 5 6 7 8 |  8.8
Air Magic      | 1 3 4 |  4.0
Summonings     | 5 6 7 8 9 10 13 14 | 14.2
Earth Magic    | 2 3 4 5 |  5.2
Spellcasting   | 3 4 5 6 7 8 |  8.1
Conjurations   | 2 |  2.5
Hexes          | |  0.3

Action                   |  1- 3 |  4- 6 |  7- 9 | 10-12 | 13-15 | 16-18 || total
-------------------------+-------+-------+-------+-------+-------+-------++-------
Melee: Whip              |    12 |       |       |       |       |       ||    12
       Unarmed           |     3 |       |       |       |       |       ||     3
       Dagger            |    29 |    65 |    43 |   202 |   343 |       ||   682
       Punch             |     1 |       |       |       |       |       ||     1
       Kick              |       |     1 |    19 |       |       |       ||    20
       Rapier            |       |       |    81 |       |       |       ||    81
       Quarterstaff      |       |       |       |       |   182 |     7 ||   189
 Cast: Summon Small Mamm |    43 |    49 |    99 |   224 |   219 |     4 ||   638
       Call Imp          |     1 |    11 |    27 |    49 |   111 |     6 ||   205
       Call Canine Famil |     1 |     9 |    24 |    45 |    98 |     8 ||   185
       Summon Lightning  |       |       |     7 |    50 |   135 |     7 ||   199
       Animate Armour    |       |       |       |    22 |    64 |     2 ||    88
       Summon Hydra      |       |       |       |       |    63 |    28 ||    91
Invok: Ancestor Life: He |       |       |       |     1 |       |       ||     1
       Recall Ancestor   |       |       |       |     1 |     5 |       ||     6
       Transference      |       |       |       |       |     2 |     1 ||     3
Evoke: Condenser vane    |       |       |       |     1 |     2 |       ||     3
       Wand              |       |       |       |       |     8 |       ||     8
  Use: Potion            |       |       |       |    11 |     6 |       ||    17
       Scroll            |       |       |       |     7 |    20 |       ||    27
 Stab: Sleeping          |     7 |     3 |    10 |     8 |    14 |       ||    42
       Paralysed         |    13 |    37 |    64 |    95 |   121 |     1 ||   331
       Distracted        |       |       |     1 |     2 |    17 |       ||    20
       Confused          |       |       |       |     1 |    11 |       ||    12
Armor: Robe              |    12 |    11 |    15 |       |       |       ||    38
       Steam dragon scal |       |       |     3 |    88 |    11 |       ||   102
       Troll leather arm |       |       |       |       |   182 |     6 ||   188
Dodge: Dodged            |    31 |    52 |    94 |   228 |   585 |    19 ||  1009
Block: Buckler           |       |       |     2 |    56 |    62 |       ||   120

Levels and vault maps discovered:
D:1:      minmay_arrival_jagged, layout_basic,
          dreamdust_ecumenical_altar_drowned_temple, serial_shops,
          nicolae_shop_window_shopping, shop, shop
D:2:      layout_loops_ring
D:3:      layout_loops_cross, old_standard_altar
D:4:      layout_rooms, mainiacjoe_overflow_concentric_impassable,
          kennysheep_little_box, mainiacjoe_overflow_six_doors_small,
          temple_fountains, gup_sewer_entry_bowl, minmay_misc_feat_tower
D:5:      layout_loops_cross, nicolae_dithmenos_through_a_glass_darkly,
          minmay_tree_intersection, nrook_campfire, uniq_crazy_yiuf_cottage
D:6:      cheibrodos_iron_armory, layout_loops_cross,
          minmay_overflow_temple_hex, grunt_decor_one_mirror, minmay_holes
D:7:      layout_basic, mainiacjoe_overflow_cross_hatched, minivault_27
D:8:      layout_rooms, enter_bailey_5, uniq_maggie, uniq_gastronok
D:9:      layout_cave_pools, trog_butcher_becter, erik_orc_4, serial_shops,
          shop_statue, nicolae_shop_hallway_plus, nicolae_shop_crystal,
          nicolae_shop_behind_doors, nicolae_shop_crystal
D:10:     layout_loops_ring, st_stairs_2, kennysheep_generic_room_11
D:11:     layout_roguey, lair_entry_dummy
Temple:   compressed_dpeg_triangle_lava_temple
Lair:1:   layout_hall_layers, special_room [special_room_bee],
          grunt_megastairs_2
Lair:2:   layout_regular_city, minmay_snake_entry_six_corridors,
          portal_ice_cave_demonic_guard
Lair:3:   nzn_winding_woodlands_stair_cross [nzn_winding_woodlands_5x15_pockets,
          nzn_winding_woodlands_center_pierced_h,
          nzn_winding_woodlands_5x15_lazy_stream,
          nzn_winding_woodlands_5x5_closed_star,
          nzn_winding_woodlands_5x5_perimeter,
          nzn_winding_woodlands_5x15_garden, nzn_winding_woodlands_center_lodge,
          nzn_winding_woodlands_5x15_jagged], layout_gridlike,
          palyth_hydra_swamp_entry, beast_lair_carwin_1, serial_bayou_shore_b,
          uniq_snorg
Lair:4:   layout_regular_city, grunt_megastairs_4, serial_bayou_shore_a
Lair:5:   layout_long_grid, nicolae_slime_entry_slimehenge
Lair:6:   due_jungle_book, layout_long_grid
Swamp:1:  layout_falls_marsh, ebering_ghost_reflecting_pool,
          evilmike_swamp_ruin_house_3, swamp_pool4
Swamp:2:  layout_falls_marsh, evilmike_swamp_ruin_rubble_2, swamp_pool2
Swamp:3:  layout_basic_swamp, evilmike_swamp_ruin_wall
Swamp:4:  byrel_swamp_growth_death_and_undeath, layout_basic_swamp
Snake:1:  layout_cave_pods, nicolae_specific_store, nrook_loot_triangle,
          grunt_ministairs_6, minmay_shop_grove
Orc:1:    layout_caves, lightli_church_of_beogh
Orc:2:    pf_orc_diabolical, layout_diamond_mine, uniq_josephine

Notes
Turn   | Place    | Note
-------+----------+-------------------------------------------
     0 | D:1      | spaghetti the Demonspawn Summoner began the quest for the
                  | Orb.
     0 | D:1      | Reached XP level 1. HP: 13/13 MP: 3/3
     0 | D:1      | magus.rc [v1.9.6]
    63 | D:1      | HP: 2/13 [kobold/+0 whip (5)]
   360 | D:1      | Reached skill level 2 in Dodging
   384 | D:1      | Found Apuo's Jewellery Emporium.
   388 | D:1      | Reached skill level 1 in Fighting
   490 | D:1      | Gained mutation: Spells you cast may paralyse adjacent
                  | enemies. [demonic ancestry]
   490 | D:1      | Reached XP level 2. HP: 20/21 MP: 0/5
   741 | D:1      | Found a faded altar of an unknown god.
   863 | D:1      | Found Qecsub's Distillery.
   893 | D:1      | You pick up a book of Debilitation and begin reading...
   893 | D:1      | You add the spells Slow, Vampiric Draining and Confusing
                  | Touch to your library.
   972 | D:1      | Found Catweco's Assorted Antiques.
  1116 | D:1      | Reached skill level 2 in Stealth
  1311 | D:1      | HP: 4/21 [gnoll/+0 spear (10)]
  1554 | D:2      | Learned a level 2 spell: Call Imp
  1586 | D:2      | Gained mutation: Spells you cast may paralyse nearby
                  | enemies. [demonic ancestry]
  1586 | D:2      | Reached XP level 3. HP: 26/26 MP: 3/6
  1590 | D:2      | Learned a level 3 spell: Call Canine Familiar
  1849 | D:2      | Noticed an ogre
  1856 | D:2      | Killed an ogre
  1857 | D:2      | Reached skill level 2 in Fighting
  1857 | D:2      | Reached skill level 1 in Short Blades
  1857 | D:2      | Reached skill level 3 in Dodging
  1857 | D:2      | Reached XP level 4. HP: 33/33 MP: 7/7
  2371 | D:2      | Reached XP level 5. HP: 13/38 MP: 8/8
  3143 | D:3      | Gained mutation: You have large cloven feet. [demonic
                  | ancestry]
  3143 | D:3      | Reached XP level 6. HP: 38/46 MP: 9/9
  3272 | D:3      | Found a burning altar of Makhleb.
  3910 | D:5      | Entered Level 5 of the Dungeon
  4013 | D:4      | Reached skill level 3 in Stealth
  4020 | D:4      | Reached skill level 1 in Air Magic
  4023 | D:4      | Reached skill level 4 in Dodging
  4086 | D:4      | Found a basalt altar of Yredelemnul.
  4124 | D:4      | Reached skill level 2 in Short Blades
  4124 | D:4      | Reached XP level 7. HP: 34/51 MP: 10/10
  4240 | D:4      | Found a stormy altar of Qazlal.
  4261 | D:4      | Found a staircase to the Ecumenical Temple.
  4271 | Temple   | Entered the Ecumenical Temple
  4679 | D:4      | Reached skill level 3 in Fighting
  4746 | D:4      | Reached skill level 2 in Air Magic
  5037 | D:4      | Found a blossoming altar of Fedhas.
  5396 | D:1      | Bought a runed rapier for 217 gold pieces
  5894 | D:5      | Learned a level 4 spell: Summon Lightning Spire
  5904 | D:5      | Reached skill level 5 in Summonings
  6123 | D:5      | Reached skill level 3 in Air Magic
  6123 | D:5      | Reached XP level 8. HP: 38/58 MP: 11/11
  6282 | D:5      | Found a shadowy altar of Dithmenos.
  6467 | D:5      | Found a runed translucent door.
  6468 | D:5      | Noticed Crazy Yiuf
  6479 | D:5      | Killed Crazy Yiuf
  6703 | D:6      | Reached skill level 5 in Dodging
  6987 | D:6      | Reached skill level 3 in Short Blades
  6987 | D:6      | Reached skill level 4 in Stealth
  7301 | D:6      | Reached skill level 4 in Fighting
  7301 | D:6      | Reached skill level 4 in Air Magic
  7402 | D:6      | Found an opulent altar of Gozag.
  7402 | D:6      | Found a radiant altar of Vehumet.
  7402 | D:6      | Found a hide-covered altar of Uskayaw.
  7402 | D:6      | Found an ornate altar of the Wu Jian Council.
  7408 | D:6      | Found a shimmering altar of Xom.
  7413 | D:6      | Found a hazy altar of Hepliaklqana.
  7575 | D:6      | Became a worshipper of Hepliaklqana the Forgotten
  8004 | D:7      | Found a sparkling altar of Nemelex Xobeh.
  8149 | D:7      | You pick up a book of Armaments and begin reading...
  8149 | D:7      | You add the spells Stone Arrow, Animate Armour and
                  | Lehudib's Crystal Spear to your library.
  8182 | D:7      | Reached skill level 6 in Dodging
  8182 | D:7      | Reached XP level 9. HP: 44/65 MP: 7/12
  8615 | D:7      | You pick up a book of Displacement and begin reading...
  8615 | D:7      | You add the spells Lesser Beckoning, Gell's Gravitas and
                  | Teleport Other to your library.
  8935 | D:8      | Reached skill level 5 in Fighting
  9023 | D:8      | Reached * piety under Hepliaklqana
  9167 | D:8      | Reached skill level 4 in Short Blades
  9167 | D:8      | Reached skill level 6 in Summonings
  9206 | D:8      | Noticed Gastronok
  9219 | D:8      | Reached skill level 1 in Earth Magic
  9513 | D:8      | Reached skill level 5 in Stealth
  9625 | D:8      | Noticed Maggie
  9630 | D:8      | Killed Maggie
  9793 | D:8      | Killed Gastronok
  9794 | D:8      | Reached skill level 6 in Fighting
  9794 | D:8      | Reached skill level 7 in Dodging
  9794 | D:8      | Reached skill level 3 in Spellcasting
  9794 | D:8      | Reached skill level 2 in Earth Magic
  9794 | D:8      | Gained mutation: When seriously injured, your blood forms
                  | armour. (AC +9) [demonic ancestry]
  9794 | D:8      | Reached XP level 10. HP: 55/68 MP: 9/14
  9876 | D:8      | Identified the +3 quarterstaff of Blood {vorpal, Str+3}
 10298 | D:9      | Found Liupoel's Jewellery Shop.
 10335 | D:9      | Found Meotesauhy's Weapon Shop.
 10396 | D:9      | HP: 9/69 [acid dragon/splash of acid (17)]
 10399 | D:9      | Gained mutation: You are agile. (Dex +2) [potion of
                  | mutation]
 10399 | D:9      | Gained mutation: You possess an exceptional clarity of
                  | mind. [potion of mutation]
 10399 | D:9      | Gained mutation: Your muscles are strong. (Str +2) [potion
                  | of mutation]
 10408 | D:9      | Found Laifi's Magic Scroll Shoppe.
 10421 | D:9      | HP: 7/69 [something (13)]
 10641 | D:9      | Learned a level 4 spell: Animate Armour
 10747 | D:9      | Reached ** piety under Hepliaklqana
 10748 | D:9      | Remembered your ancestor Quintus as a hexer
 10871 | D:9      | Found Qathrinau's Jewellery Shoppe.
 11002 | D:9      | Found Mutaeton's Distillery.
 11114 | D:9      | Identified the +1 ring mail of Inquiry {Dex+6}
 11146 | D:9      | Found a staircase to the Orcish Mines.
 11211 | D:9      | Found a bloodstained altar of Trog.
 11522 | D:10     | Entered Level 10 of the Dungeon
 11529 | D:10     | Reached skill level 5 in Short Blades
 11543 | D:10     | Reached skill level 7 in Fighting
 11543 | D:10     | Reached skill level 3 in Earth Magic
 11586 | D:10     | Reached skill level 6 in Stealth
 11827 | D:10     | Reached skill level 4 in Spellcasting
 11827 | D:10     | Reached skill level 7 in Summonings
 12007 | D:10     | Reached skill level 8 in Dodging
 12062 | D:10     | Noticed a two-headed ogre
 12081 | D:10     | Killed a two-headed ogre
 12430 | D:10     | Gained mutation: You have hoof-like feet. [demonic
                  | ancestry]
 12430 | D:10     | Reached XP level 11. HP: 67/75 MP: 17/17
 12927 | D:11     | Noticed a two-headed ogre
 12934 | D:11     | Killed a two-headed ogre
 13035 | D:11     | Reached *** piety under Hepliaklqana
 13116 | D:11     | Found a staircase to the Lair.
 13123 | Lair:1   | Entered Level 1 of the Lair of Beasts
 13537 | Lair:1   | Reached skill level 7 in Stealth
 13606 | Lair:1   | Reached skill level 8 in Fighting
 13657 | Lair:1   | You add the spells Sticky Flame, Spellforged Servitor and
                  | Summon Hydra to your library.
 13657 | Lair:1   | Got the Papyrus of Supportive Confrontation
 13817 | Lair:1   | Reached skill level 4 in Earth Magic
 13921 | Lair:1   | You add the spells Poisonous Vapours and Spider Form to
                  | your library.
 13921 | Lair:1   | Got the Incunabulum of Noxious Calling
 14484 | Lair:2   | Reached **** piety under Hepliaklqana
 14749 | Lair:2   | Found a frozen archway.
 14763 | Lair:2   | Reached skill level 9 in Dodging
 14783 | IceCv    | Entered an ice cave
 14990 | IceCv    | Reached skill level 6 in Short Blades
 15002 | IceCv    | Reached skill level 5 in Spellcasting
 15113 | IceCv    | Noticed a white ugly thing
 15116 | IceCv    | Killed a white ugly thing
 15117 | IceCv    | Gained mutation: You sometimes gain a little power by
                  | taking damage. [demonic ancestry]
 15117 | IceCv    | Reached XP level 12. HP: 84/84 MP: 19/19
 15167 | IceCv    | Reached skill level 8 in Stealth
 15442 | IceCv    | Reached skill level 9 in Fighting
 15444 | IceCv    | Reached skill level 8 in Summonings
 15501 | IceCv    | Learned a level 7 spell: Summon Hydra
 15889 | IceCv    | Noticed a frost giant
 15904 | IceCv    | HP: 6/85 [frost giant/bolt of cold (43)]
 15912 | IceCv    | HP: 10/85 [frost giant/bolt of cold (19)]
 15949 | IceCv    | Killed a frost giant
 15950 | IceCv    | Reached skill level 5 in Earth Magic
 16222 | IceCv    | HP: 17/86 [ice beast[an ice statue] (5)]
 16754 | Lair:2   | Found a staircase to the Snake Pit.
 16755 | Lair:2   | Noticed an eight-headed hydra
 16788 | Lair:2   | HP: 20/86 [eight-headed hydra (6)]
 16788 | Lair:2   | HP: 9/86 [eight-headed hydra (11)]
 16793 | Lair:2   | Killed an eight-headed hydra
 16794 | Lair:2   | Reached skill level 10 in Dodging
 17052 | Lair:2   | Noticed a boulder beetle
 17060 | Lair:2   | Reached skill level 9 in Stealth
 17066 | Lair:2   | Killed a boulder beetle
 17594 | Lair:3   | Noticed a five-headed hydra
 17601 | Lair:3   | Killed a five-headed hydra
 17602 | Lair:3   | Reached skill level 6 in Spellcasting
 17620 | Lair:3   | Reached skill level 10 in Fighting
 17620 | Lair:3   | Gained mutation: When seriously injured, your blood forms
                  | thick armour. (AC +9) [demonic ancestry]
 17620 | Lair:3   | Reached XP level 13. HP: 54/92 MP: 10/22
 18315 | Lair:3   | Reached skill level 7 in Short Blades
 18892 | Lair:3   | Noticed Snorg
 18905 | Lair:3   | Killed Snorg
 19058 | Lair:3   | Reached ***** piety under Hepliaklqana
 19373 | Lair:3   | Found a staircase to the Swamp.
 19710 | Lair:4   | Identified the +0 ring mail "Asocih" {rF+}
 19883 | Lair:4   | Reached skill level 10 in Stealth
 19885 | Lair:4   | Reached skill level 9 in Summonings
 19933 | Lair:4   | Reached skill level 11 in Dodging
 20388 | Lair:4   | Reached skill level 11 in Fighting
 20873 | Lair:5   | Reached XP level 14. HP: 72/101 MP: 22/24
 21036 | Lair:5   | Found a staircase to the Slime Pits.
 21184 | Lair:5   | Reached skill level 7 in Spellcasting
 21524 | Lair:6   | Entered Level 6 of the Lair of Beasts
 21942 | Lair:6   | Reached skill level 11 in Stealth
 21969 | Lair:6   | Reached skill level 8 in Short Blades
 23207 | Lair:6   | Found the ring of the Mage {Wiz Archmagi}
 23540 | Lair:6   | Reached skill level 12 in Fighting
 23546 | Lair:6   | Reached skill level 12 in Dodging
 23797 | Lair:6   | Found the +6 Majin-Bo {vamp, MP+6 Int+6}
 24529 | D:11     | HP: 11/103 [skeletal warrior/+0 battleaxe[a skeletal
                  | warrior] (18)]
 24635 | D:11     | Reached skill level 10 in Summonings
 25309 | D:1      | Bought an amulet of magic regeneration for 360 gold pieces
 25453 | Orc:1    | Entered Level 1 of the Orcish Mines
 25620 | Orc:2    | Entered Level 2 of the Orcish Mines
 25621 | Orc:2    | Noticed Josephine
 25639 | Orc:2    | Killed Josephine
 25883 | Orc:2    | Gained mutation: Spells you cast and wands you use may
                  | paralyse nearby enemies. [demonic ancestry]
 25883 | Orc:2    | Reached XP level 15. HP: 106/109 MP: 26/26
 26126 | Orc:2    | Found a staircase to the Elven Halls.
 26165 | Orc:2    | Reached ****** piety under Hepliaklqana
 26448 | Orc:2    | Found Giriac's General Store.
 26536 | Orc:2    | Found Ychaseb's General Store.
 26621 | Orc:2    | Reached skill level 12 in Stealth
 26629 | Orc:2    | HP: 12/109 [orc warrior/+0 halberd (18)]
 26835 | Orc:2    | Learned a level 7 spell: Spellforged Servitor
 26975 | Orc:2    | Reached skill level 1 in Conjurations
 26999 | Orc:2    | Reached skill level 8 in Spellcasting
 27100 | Orc:2    | Found Vuenomp's Antique Weapon Shop.
 27100 | Orc:2    | Found Nauk's Jewellery Boutique.
 27101 | Orc:2    | Found a one-way gate leading to the halls of Pandemonium.
 27101 | Orc:2    | Gained mutation: Your spells are a little easier to cast,
                  | but a little less powerful. [a neqoxec]
 27102 | Orc:2    | Gained mutation: Your mind is acute. (Int +2) [a neqoxec]
 27755 | Swamp:1  | Entered Level 1 of the Swamp
 27802 | Swamp:1  | Found a runed translucent door.
 27803 | Swamp:1  | Noticed louisi3's ghost (adept MiMo)
 27912 | Swamp:1  | Reached skill level 2 in Conjurations
 28035 | Swamp:1  | You pick up a book of Blasting and begin reading...
 28035 | Swamp:1  | You add the spells Fulminant Prism, Iskenderun's Mystic
                  | Blast and Lee's Rapid Deconstruction to your library.
 29409 | Swamp:2  | Reached skill level 11 in Summonings
 29441 | Swamp:2  | Noticed a thorn hunter
 29449 | Swamp:2  | Killed a thorn hunter
 29833 | Swamp:3  | Reached skill level 12 in Summonings
 30189 | Swamp:3  | You pick up a book of Misfortune and begin reading...
 30189 | Swamp:3  | You add the spells Yara's Violent Unravelling and Enfeeble
                  | to your library.
 30598 | Swamp:4  | Entered Level 4 of the Swamp
 31425 | Swamp:3  | Reached skill level 13 in Summonings
 31473 | Swamp:4  | HP: 22/109 [spriggan druid/angry trees (7)]
 31692 | Snake:1  | Entered Level 1 of the Snake Pit
 31974 | Snake:1  | Reached XP level 16. HP: 61/116 MP: 11/28
 32248 | Snake:1  | Found Syam's Jewellery Shop.
 32250 | Snake:1  | Found Mereulati's Book Shoppe.
 32251 | Snake:1  | Found Ciorgh's Jewellery Shop.
 32797 | Snake:1  | You pick up a book of Vapours and begin reading...
 33046 | Snake:1  | Reached skill level 14 in Summonings
 33300 | Snake:1  | HP: 21/116 [naga warrior/+0 flail (33)]
 33300 | Snake:1  | Slain by a naga warrior

Vanquished Creatures
  A dire elephant (Lair:6)
  Snorg (Lair:3)
  6 hydras
  A boulder beetle (Lair:2)
  A demonspawn (Orc:2)
  An orc high priest (Orc:2)
  5 death yaks
  A spectral anaconda (Lair:6)
  A spectral death yak (Lair:6)
  A skeletal warrior (D:11)
  An orc knight (Orc:2)
  A mana viper (Snake:1)
  An ugly thing (IceCv)
  2 cyclopes (D:11)
  11 elephants
  8 black mambas
  A torpor snail (Lair:4)
  11 cane toads
  Maggie (D:8)
  4 nameless horrors
  7 komodo dragons
  2 trolls (D:10)
  A queen bee (Lair:1)
  7 polar bears (IceCv)
  12 blink frogs
  A shadow (D:10)
  6 wyverns
  35 yaks
  3 steam dragons
  3 wraiths
  5 vampire mosquitoes
  2 basilisks
  3 swamp worms
  An acid dragon (D:10)
  2 nagas (Snake:1)
  A warg (Orc:2)
  2 spectral cane toads (Lair:6)
  14 water moccasins
  5 orc warriors
  2 ice beasts
  A sky beast (D:6)
  A black bear (D:4)
  3 ogres
  8 wolves
  A centaur (D:8)
  A kobold brigand (D:10)
  A gnoll sergeant (D:9)
  13 bullfrogs
  3 necrophages
  3 scorpions
  3 wights (D:7)
  An elephant simulacrum (Lair:6)
  18 killer bees
  An electric eel (Lair:3)
  2 howler monkeys
  3 jellies
  5 orc priests
  Crazy Yiuf (D:5)
  3 gnoll shamans
  A hound (D:6)
  5 iguanas
  6 orc wizards
  6 hell rats (Lair:4)
  4 adders
  7 gnolls
  A river rat (D:4)
  4 white imps
  An ufetubus (D:4)
  3 dart slugs
  27 orcs
  8 ball pythons
  4 bats
  4 endoplasms
  6 giant cockroaches
  8 goblins
  6 hobgoblins
  10 kobolds
  A quokka (D:4)
  2 frilled lizards (D:1)
  4 rats
364 creatures vanquished.

Vanquished Creatures (collateral kills)
  Gastronok (D:8)
  A thorn hunter (Swamp:2)
  A frost giant (IceCv)
  A bunyip (Swamp:2)
  3 dire elephants (Lair:6)
  An eleionoma (Swamp:2)
  2 shambling mangroves
  Josephine (Orc:2)
  2 demonspawn (Orc:2)
  11 hydras
  2 anacondas (Snake:1)
  5 two-headed ogres
  3 alligators (Swamp:1)
  3 death yaks
  3 orc high priests (Orc:2)
  2 naga warriors (Snake:1)
  4 naga sharpshooters (Snake:1)
  3 skeletal warriors (D:11)
  2 spriggan druids
  2 bog bodies
  3 goliath frogs
  3 swamp dragons
  A death drake (Swamp:3)
  An obsidian statue (Lair:6)
  4 necromancers (Lair:6)
  3 orc knights (Orc:2)
  2 mana vipers (Snake:1)
  8 orc sorcerers (Orc:2)
  4 will-o-the-wisps
  A salamander (Snake:1)
  4 elephants
  A guardian serpent (Snake:1)
  3 naga magi (Snake:1)
  A rust devil (Orc:2)
  An orange demon (Orc:2)
  A gargoyle (D:11)
  7 black mambas
  3 cane toads
  A hellwing (Orc:2)
  3 ice devils
  A troll (D:10)
  6 hornets
  9 tyrant leeches
  6 polar bears (IceCv)
  5 dream sheep (Lair:3)
  10 blink frogs
  4 spriggans
  2 wraiths (Orc:2)
  A vampire (D:9)
  A wyvern (D:8)
  8 yaks
  A dire elephant simulacrum (Lair:6)
  A death yak simulacrum (Lair:6)
  A vampire mosquito (Swamp:3)
  A steam dragon (Lair:3)
  A basilisk (Lair:3)
  18 swamp worms
  2 acid dragons
  2 wargs
  6 water moccasins
  10 nagas (Snake:1)
  25 orc warriors
  A black bear (Lair:4)
  An ogre (Orc:2)
  9 wolves
  A centaur (D:8)
  12 nameless horrors
  6 bullfrogs
  2 scorpions (D:9)
  3 cane toad simulacra (Lair:6)
  An elephant simulacrum (Lair:6)
  2 killer bees (D:9)
  2 howler monkeys (D:11)
  A gnoll shaman (D:9)
  18 orc priests
  A jelly (D:5)
  3 iguanas
  A hell rat (Lair:4)
  3 orc wizards
  19 gnolls
  A shadow imp (D:7)
  A white imp (D:6)
  A worm (D:5)
  2 dart slugs
  45 orcs
  5 endoplasms
  5 hobgoblins
  4 bats
  2 frilled lizards (D:1)
  3 goblins
  6 kobolds
  5 rats
  A spectral goblin (D:1)
396 creatures vanquished.

Vanquished Creatures (others)
  A will-o-the-wisp (Swamp:2)
  5 bloated husks
  An ancestor (D:9)
  24 hexers
  An orc wizard (D:8)
  2 bushes (Lair:4)
  22 foxfires
  27 fungi
  36 plants
  22 withered plants (Lair:6)
141 creatures vanquished.

Grand Total: 901 creatures vanquished

Table legend:
 A = Non-vault XP
 B = Vault XP
 C = Vault XP percentage of total XP
 D = Non-vault monster count
 E = Vault monster count
 F = Vault count percentage of total count
                 A         B        C        D         E       F
            +---------+---------+-------+---------+---------+-------
      Total |  106167 |   59746 |  36.0 |     508 |     239 |  32.0
            +---------+---------+-------+---------+---------+-------
        D:1 |      43 |       1 |   2.3 |      26 |       1 |   3.7
        D:2 |     201 |       0 |   0.0 |      25 |       0 |   0.0
        D:3 |     170 |       0 |   0.0 |      23 |       0 |   0.0
        D:4 |     534 |      18 |   3.3 |      28 |       4 |  12.5
        D:5 |     488 |      41 |   7.8 |      15 |       1 |   6.2
        D:6 |     880 |       0 |   0.0 |      20 |       0 |   0.0
        D:7 |     711 |       0 |   0.0 |      17 |       0 |   0.0
        D:8 |    1359 |    1946 |  58.9 |      20 |       6 |  23.1
        D:9 |    1310 |     820 |  38.5 |      26 |      20 |  43.5
       D:10 |    1949 |     558 |  22.3 |      11 |       3 |  21.4
       D:11 |    8535 |       0 |   0.0 |      20 |       0 |   0.0
     Lair:1 |    2990 |    1320 |  30.6 |      12 |      16 |  57.1
     Lair:2 |    4151 |    3221 |  43.7 |      12 |      13 |  52.0
     Lair:3 |    5246 |    7501 |  58.8 |      21 |      28 |  57.1
     Lair:4 |    8638 |     218 |   2.5 |      27 |       1 |   3.6
     Lair:5 |   10435 |      93 |   0.9 |      27 |       6 |  18.2
     Lair:6 |   10670 |   13924 |  56.6 |      35 |      29 |  45.3
    Swamp:1 |    4792 |       0 |   0.0 |      12 |       0 |   0.0
    Swamp:2 |   14510 |       0 |   0.0 |      26 |       0 |   0.0
    Swamp:3 |    9122 |     872 |   8.7 |      23 |       1 |   4.2
    Swamp:4 |    1456 |       0 |   0.0 |       5 |       0 |   0.0
    Snake:1 |   14499 |     750 |   4.9 |      32 |       2 |   5.9
      Orc:1 |     367 |       0 |   0.0 |       8 |       0 |   0.0
      Orc:2 |    3111 |   17808 |  85.1 |      37 |      63 |  63.0
      IceCv |       0 |   10655 | 100.0 |       0 |      45 | 100.0
            +---------+---------+-------+---------+---------+-------

Illustrated notes

Table legend:
 A = Kills in this place as a percentage of kills in entire the game.
 B = Kills by you in this place as a percentage of kills by you in the entire game.
 C = Kills by friends in this place as a percentage of kills by friends in the entire game.
 D = Other kills in this place as a percentage of other kills in the entire game.
 E = Experience gained in this place as a percentage of experience gained in the entire game.
 F = Experience gained in this place divided by the number of levels of this place that you have seen.
                   A       B       C       D       E      F
               +-------+-------+-------+-------+-------+----------------------
         Total | 100.0 | 100.0 | 100.0 | 100.0 | 100.0 | 6381.3
       Dungeon |  35.6 |  44.8 |  27.3 |  16.7 |  11.8 | 1778.5
          Lair |  30.4 |  40.3 |  21.1 |  33.3 |  41.2 | 11401.2
         Swamp |   9.0 |   0.8 |  16.1 |  33.3 |  18.5 | 7688.0
     Snake Pit |   4.6 |   0.6 |   8.1 |  16.7 |   9.2 | 15249.0
  Orcish Mines |  14.5 |   4.5 |  24.0 |   0.0 |  12.8 | 10643.0
      Ice Cave |   6.0 |   9.0 |   3.4 |   0.0 |   6.4 | 10655.0
               +-------+-------+-------+-------+-------+----------------------

Table legend: (Time is in decaauts)
 A = Elapsed time spent in this place.
 B = Non-inter-level travel time spent in this place.
 C = Inter-level travel time spent in this place.
 D = Time resting spent in this place.
 E = Time spent auto-exploring this place.
 F = Levels seen in this place.
 G = Mean time per level.
                   A        B        C        D        E       F      G
               +--------+--------+--------+--------+--------+-----+--------+
         Total |  33453 |  31479 |   1974 |   6288 |  19317 |  26 | 1286.7 |
       Dungeon |  14142 |  13278 |    864 |   1811 |   9329 |  11 | 1285.6 |
        Temple |    318 |    306 |     12 |      0 |    205 |   1 |  318.0 |
          Lair |   9376 |   8904 |    472 |   1491 |   5745 |   6 | 1562.7 |
         Swamp |   4059 |   3620 |    439 |   1359 |   1582 |   4 | 1014.8 |
     Snake Pit |   1571 |   1484 |     87 |    514 |    690 |   1 | 1571.0 |
  Orcish Mines |   2179 |   2081 |     98 |    458 |    958 |   2 | 1089.5 |
      Ice Cave |   1806 |   1806 |      0 |    655 |    807 |   1 | 1806.0 |
               +--------+--------+--------+--------+--------+-----+--------+

Top non-repeatable levels by time:
  Lair:6: 2468 daAuts
  Lair:3: 2006 daAuts
   Orc:2: 1962 daAuts
  Lair:2: 1859 daAuts
   IceCv: 1806 daAuts
 Swamp:3: 1757 daAuts
     D:1: 1640 daAuts
 Snake:1: 1571 daAuts
    D:11: 1570 daAuts
     D:2: 1567 daAuts
     D:9: 1514 daAuts
     D:7: 1461 daAuts
     D:5: 1373 daAuts
  Lair:1: 1176 daAuts
 Swamp:1: 1161 daAuts
